cohdb
Replays
Latest Replays
All Replays
Popular Replays
Top Player Replays
Match Explorer
How It Works
Community
CoH3 Stats
Reddit
Sign in to upload your games and track your stats! →
Sign in with Steam
Match 43992926
Unlisted
Match 43992926
Overview
Messages
Build Orders
End
Construct Section Command Post
Vickers Machine Gun Team
Infantry Section
Royal Engineer Section
Construct Field Infirmary
Selects Heavy Armor Battlegroup
Infantry Section
Vickers Machine Gun Team
Grenade Package
Construct Platoon Command Post
Unlock M3 Stuart Light Tanks
Infantry Section
6-pounder Anti-tank Gun Team
Selects Rigorous Vehicle Training
Selects Forward Repair Assembly
Unlock Bishop Self-propelled Artillery
Bishop Self-propelled Artillery
M3 Stuart Light Tank
Selects Light Vehicle Withdraw and Refit
Selects Radio Net
peacepasurmoi †
Crazy Hamster
woof_raff
saw410
0
0
Comments
sign in to comment!
No comments posted yet!